 Dungeon Crawl Stone Soup version 0.28-a0-268-g3f656e82c2 (webtiles) character file.

Game seed: 5053732781832068926

2602 desmos the Basher (level 9, -2/82 HPs)
             Began as a Hill Orc Berserker on Aug 28, 2021.
             Was an Elder of Trog.
             Slain by Edmund (3 damage)
             ... on level 5 of the Dungeon.
             The game lasted 01:17:38 (8141 turns).

desmos the Basher (Hill Orc Berserker)              Turns: 8141, Time: 01:17:39

Health: -2/82      AC: 15    Str: 23    XL:     9   Next: 59%
Magic:  9/9        EV:  3    Int:  7    God:    Trog [****..]
Gold:   187        SH: 11    Dex: 10    Spells: 8/8 levels left

rFire   . . .      SeeInvis .   j - +2 spear (flame)
rCold   . . .      Faith    .   i - +0 tower shield
rNeg    . . .      Spirit   .   k - +0 plate armour
rPois   .          Reflect  .   m - +0 helmet
rElec   .          Harm     .   (no cloak)
rCorr   .          Rampage  .   (no gloves)
Will    ++...                   y - +0 pair of boots
Stlth   ..........              w - amulet of the acrobat
HPRegen 1.23/turn               (no ring)
MPRegen 0.11/turn               (no ring)

@: strong-willed, on berserk cooldown, very slightly contaminated, regenerating,
slowed, invisible, very slow
A: no striking features
a: Renounce Religion, Berserk, Trog's Hand, Brothers in Arms


You were on level 5 of the Dungeon.
You worshipped Trog.
Trog was greatly pleased with you.
You visited 2 branches of the dungeon, and saw 8 of its levels.

You collected 187 gold pieces.

Inventory:

Hand Weapons
 a - a +0 mace
 h - a +0 war axe
 j - a +2 spear of flaming (weapon)
 l - a +0 hunting sling
 n - a +0 flail
 x - a +2 whip of venom
Missiles
 f - a boomerang (quivered)
 t - 30 sling bullets
 B - 22 arrows
Armour
 i - a +0 tower shield (worn)
 k - a +0 plate armour (worn)
 m - a +0 helmet (worn)
 r - a +0 ring mail
 u - a +0 scale mail
 y - a +0 pair of boots (worn)
Jewellery
 w - an amulet of the acrobat (around neck)
Scrolls
 b - 2 scrolls of enchant weapon {unknown}
 g - a scroll of noise
 o - a scroll of immolation {unknown}
 s - a scroll of magic mapping {unknown}
 v - a scroll of vulnerability {unknown}
Potions
 c - a potion of attraction
 d - 2 potions of invisibility
 e - 2 potions of might
 p - a potion of curing
 q - a potion of ambrosia {unknown}
 z - a potion of brilliance {unknown}
 A - a potion of berserk rage {unknown}


   Skills:
 + Level 8.3 Fighting
 * Level 10.2 Maces & Flails
 + Level 7.0 Armour
 - Level 2.0 Dodging
 + Level 2.2 Shields


You had 8 spell levels left.
You didn't know any spells.
Your spell library contained the following spells:

 Spells                   Type           Power      Damage    Failure   Level
 Animate Skeleton         Necr           0%         N/A       100%        1
 Pain                     Necr           0%         1d4       100%        1
 Passwall                 Tmut/Erth      0%         N/A       100%        2
 Gell's Gravitas          Tloc           0%         N/A       100%        3
 Lesser Beckoning         Tloc           0%         N/A       100%        3
 Swiftness                Air            0%         N/A       100%        3
 Teleport Other           Tloc           0%         N/A       100%        3
 Vampiric Draining        Necr           0%         2d6       100%        3
 Invisibility             Hex            0%         N/A       100%        6


Dungeon Overview and Level Annotations

Branches:
Dungeon (7/15)             Temple (1/1) D:4

Altars:
Ashenzari
Cheibriados
Elyvilon
Fedhas
Hepliaklqana
Makhleb
Nemelex Xobeh
Ru
Sif Muna
Trog
Uskayaw
Vehumet
Wu Jian
Xom
Yredelemnul
Zin
The Shining One

Shops:
D:1 *   D:4 (

Annotations:
D:5 Edmund


Message History

You hit the orc warrior. You burn the orc warrior.
The orc warrior is moderately wounded.
The orc warrior barely misses you.
Edmund says, "You wouldn't believe how much I paid for this flail."
The orc warrior hits you with a +0 dire flail!
You hit the orc warrior but do no damage.
The orc warrior is moderately wounded.
The orc warrior hits you with a +0 dire flail! x2
The orc warrior completely misses you. You block the orc warrior's attack.
You block the orc warrior's attack.
The orc warrior hits you with a +0 dire flail!
You block the orc warrior's attack.
There is a stone staircase leading up, spattered with blood here.
You can't go down here!
Edmund hits you but does no damage.
The orc warrior hits you with a +0 dire flail!
* * * LOW HITPOINT WARNING * * *
You block Edmund's attack.
You climb upwards.
There is a stone staircase leading down here.
Your skin crawls.
You feel strong-willed.
The orc warrior hits you with a +0 dire flail!
* * * LOW HITPOINT WARNING * * *
Edmund says, "I'm quite good with sums, too."
Edmund hits you with a +2 flail of protection!
* * * LOW HITPOINT WARNING * * *
You block the orc warrior's attack.
You fade into invisibility!
You block Edmund's attack. You block the orc warrior's attack.
Edmund hits you but does no damage.
You are very lightly contaminated with residual magic.
Edmund misses you. The orc warrior closely misses you.
Edmund closely misses you.
There is a stone staircase leading up here.
Edmund hits you with a +2 flail of protection!
* * * LOW HITPOINT WARNING * * *
Edmund hits you with a +2 flail of protection.
You die...

#.# #.#...#.########.# #.#
#................#### ####.#
#.#.#.#.########.#... .....#
#.#.#.#.# #.#..# ####.# #.#.....#
#..... # #.#
#.#...#.##########.## # #.#
#.#..............#.# # #.#
#.#.#.#.########.#.#
####.########.#.@@.....#.###.#.#
................(o.>.......#.#.#
...............................#
####.#.#.###...........#.#...#.#
####.#...................#.###.#
.......#.#.#..#.#.#.######.###.##
####.#.#.#.#..#...#.#.........<..
# #.#.#.#.#..#...#.#.####.#...##
# #.#.#.#.#..#.....#.# ###.#.#


You could see Edmund and an orc warrior.

Vanquished Creatures
  A steam dragon (D:6)
  Duvessa (D:6)
  3 sky beasts (D:6)
  Purgy (D:3)
  3 ice beasts (D:5)
  A necrophage (D:6)
  A black bear (D:5)
  5 ogres
  3 centaurs
  A phantom (D:6)
  Dowan (D:6)
  A wyvern skeleton (D:5)
  2 water moccasin skeletons
  A howler monkey (D:4)
  A jelly (D:4)
  3 orc priests
  2 bullfrog skeletons
  5 iguanas
  3 orc wizards
  A hound skeleton (D:4)
  Robin (D:2)
  4 gnolls (D:2)
  7 adders
  2 ufetubi
  A worm (D:3)
  5 dart slugs
  8 orcs
  3 endoplasms
  3 giant cockroaches
  14 goblins
  5 hobgoblins
  11 jackals
  4 quokkas
  7 ball pythons
  6 bats
  3 frilled lizards (D:1)
  A jackal skeleton (D:4)
  3 kobolds
  4 rats
132 creatures vanquished.

Notes
Turn   | Place    | Note
-------+----------+-------------------------------------------
     0 | D:1      | desmos the Hill Orc Berserker began the quest for the Orb.
     0 | D:1      | Reached XP level 1. HP: 19/19 MP: 1/1
   310 | D:1      | Reached XP level 2. HP: 27/27 MP: 2/2
   355 | D:1      | Found Boruakh's General Store.
   760 | D:2      | Reached XP level 3. HP: 28/33 MP: 3/3
   952 | D:2      | Reached skill level 4 in Maces & Flails
   999 | D:2      | Noticed Robin
  1012 | D:2      | Killed Robin
  1013 | D:2      | Reached XP level 4. HP: 39/40 MP: 4/4
  1016 | D:2      | Reached ** piety under Trog
  1830 | D:3      | Noticed Purgy
  1972 | D:3      | Reached XP level 5. HP: 39/47 MP: 5/5
  2857 | D:4      | Noticed an ogre
  2964 | D:4      | Found Beesask's Weapon Shop.
  2991 | D:4      | Found a staircase to the Ecumenical Temple.
  3006 | D:4      | Reached skill level 5 in Maces & Flails
  3227 | D:4      | Reached skill level 5 in Fighting
  3227 | D:4      | Reached XP level 6. HP: 47/56 MP: 6/6
  4343 | D:4      | Reached skill level 6 in Maces & Flails
  4415 | D:4      | Reached *** piety under Trog
  4453 | D:4      | Reached XP level 7. HP: 36/61 MP: 7/7
  4676 | Temple   | Entered the Ecumenical Temple
  4867 | D:5      | Entered Level 5 of the Dungeon
  5136 | D:5      | Reached skill level 7 in Maces & Flails
  5366 | D:5      | Reached skill level 5 in Armour
  5366 | D:5      | Reached XP level 8. HP: 71/71 MP: 8/8
  5781 | D:5      | Reached skill level 8 in Maces & Flails
  6540 | D:3      | Killed Purgy
  6793 | D:6      | Reached skill level 9 in Maces & Flails
  7002 | D:6      | Noticed Duvessa
  7002 | D:6      | Noticed Dowan
  7056 | D:5      | Reached XP level 9. HP: 59/80 MP: 9/9
  7157 | D:6      | Killed Duvessa
  7257 | D:6      | Killed Dowan
  7768 | D:6      | Reached skill level 1 in Shields
  7771 | D:6      | Reached **** piety under Trog
  7941 | D:6      | Reached skill level 10 in Maces & Flails
  8073 | D:6      | Noticed Edmund
  8136 | D:5      | HP: 3/82 [Edmund (8)]
  8141 | D:5      | HP: 1/82 [Edmund (11)]
  8141 | D:5      | Slain by Edmund

Illustrated notes

Levels and vault maps discovered:
D:1:      zelgadis_glass_arrival_small, layout_rooms, serial_shops,
          nicolae_shop_stone
D:2:      layout_rooms, uniq_robin
D:3:      layout_basic, uniq_purgy
D:4:      layout_loops_ring, minmay_temple_entry_waves, serial_shops,
          nicolae_take_the_stairs, minmay_misc_feat_secret_circle, minivault_1
D:5:      layout_basic, serial_glass, glass_columns_b, glass_columns_a,
          kennysheep_decorative_pillar
D:6:      minmay_octagon_keep, layout_basic, uniq_duvessa, uniq_edmund
D:7:      kennysheep_kobold_camp, layout_loops_ring,
          mainiacjoe_overflow_catch_the_wave, uniq_menkaure
Temple:   bh_familiar_temple

Skill      XL: |  1  2  3  4  5  6  7  8  9 |
---------------+----------------------------+-----
Fighting       | 4 5 6 7 8 |  8.3
Maces & Flails | 4 5 6 7 9 10 | 10.2
Dodging        | 2 |  2.0
Armour         | 3 4 5 6 7 |  7.0
Shields        | 2 |  2.2

Action                   |  1- 3 |  4- 6 |  7- 9 || total
-------------------------+-------+-------+-------++-------
Melee: Mace              |    45 |       |       ||    45
       Spear             |    41 |   211 |   246 ||   498
Throw: Boomerang         |       |    12 |     9 ||    21
Invok: Berserk           |     1 |     2 |     9 ||    12
       Trog's Hand       |       |       |     1 ||     1
  Use: Scroll            |       |     3 |     3 ||     6
       Potion            |       |       |     1 ||     1
Armor: Animal skin       |    15 |       |       ||    15
       Robe              |     4 |    13 |       ||    17
       Leather armour    |       |     8 |       ||     8
       Ring mail         |       |     6 |       ||     6
       Plate armour      |       |    55 |   179 ||   234
Dodge: Dodged            |    41 |    88 |    84 ||   213
Block: Tower shield      |       |       |    38 ||    38

Table legend: (Time is in decaauts)
 A = Elapsed time spent in this place.
 B = Non-inter-level travel time spent in this place.
 C = Inter-level travel time spent in this place.
 D = Time resting spent in this place.
 E = Time spent auto-exploring this place.
 F = Levels seen in this place.
 G = Mean time per level.
                   A        B        C        D        E       F      G
               +--------+--------+--------+--------+--------+-----+--------+
         Total |   8375 |   7967 |    408 |   2709 |   2771 |   8 | 1046.9 |
       Dungeon |   8198 |   7820 |    378 |   2709 |   2643 |   7 | 1171.1 |
        Temple |    176 |    146 |     30 |      0 |    128 |   1 |  176.0 |
               +--------+--------+--------+--------+--------+-----+--------+

Top non-repeatable levels by time:
     D:3: 1948 daAuts
     D:5: 1745 daAuts
     D:4: 1308 daAuts
     D:6: 1263 daAuts
     D:1: 1002 daAuts
     D:2: 770 daAuts
  Temple: 176 daAuts
     D:7: 159 daAuts
